 Dungeon Crawl Stone Soup version 0.22-a0-815-gb582571 (webtiles) character file.

643 BaronVonScrub the Covered (level 7, -8/53 HPs)
             Began as a Mummy Fighter on July 23, 2018.
             Killed from afar by Pikel (11 damage)
             ... with a wand of acid (8)
             ... on level 5 of the Dungeon.
             The game lasted 00:11:13 (4999 turns).

BaronVonScrub the Covered (Mummy Fighter)           Turns: 4999, Time: 00:11:15

Health: -8/53      AC:  4    Str: 24    XL:     7   Next: 26%
Magic:  7/7        EV:  9    Int:  8    God:
Gold:   159        SH: 12    Dex: 11    Spells: 6/6 levels left

rFire    x . .     SeeInvis .   a - +3 rapier
rCold    + . .     Gourm    +   c - +3 shield
rNeg     + + +     Faith    .   b - +0 scale mail
rPois    ∞         Spirit   .   f - +0 helmet
rElec    .         Reflect  .   (no cloak)
rCorr    .         Harm     .   (no gloves)
MR       .....                  (no boots)
Stlth    ..........             d - amulet of the gourmand
HPRegen  0.17/turn              l - +2 ring of evasion
MPRegen  0.10/turn              o - +3 ring of strength

@: corroded
A: no food or potions, fire vulnerability, cold resistance 1, negative energy
resistance 3, torment resistance, unbreathing
a: no special abilities


You were on level 5 of the Dungeon.
You were not hungry.

You visited 1 branch of the dungeon, and saw 5 of its levels.

You collected 159 gold pieces.

Inventory:

Hand Weapons
 a - a +3 rapier (weapon)
Armour
 b - a +0 scale mail (worn)
 c - a +3 shield (worn)
 f - a +0 helmet (worn)
 i - a +0 chain mail
 p - a +0 ring mail
Jewellery
 d - an amulet of the gourmand (around neck)
 e - an uncursed ring of wizardry
 g - an uncursed amulet of the gourmand
 h - an uncursed ring of stealth
 l - a +2 ring of evasion (left hand)
 o - a +3 ring of strength (right hand)
Wands
 m - a wand of digging (5)
Scrolls
 j - 2 scrolls of amnesia
 n - 2 scrolls of teleportation


   Skills:
 - Level 3.7 Fighting
 - Level 2.5 Short Blades
 - Level 6.0 Armour
 - Level 0.7 Dodging
 - Level 0.1 Stealth
 - Level 3.1 Shields


You had 6 spell levels left.
You didn't know any spells.
Your spell library was empty.

Dungeon Overview and Level Annotations

Branches:
Dungeon (5/15)
 Temple: D:4-7

Altars:
Fedhas
Sif Muna
Uskayaw
Vehumet

Annotations:
D:5 Pikel


Innate Abilities, Weirdness & Mutations

You do not eat or drink.
Your flesh is vulnerable to fire.
You are immune to poison.
Your flesh is cold resistant. (rC+)
You are immune to negative energy. (rN+++)
You are immune to unholy pain and torment.
You can survive without breathing.


Message History

As you read the scroll of identify, it crumbles to dust.
o - a +3 ring of strength You're wearing all the rings you can.
Remove which one? (? for menu, Esc to quit)
You remove your ring of stealth.
You feel stronger.
o - a +3 ring of strength (right hand) Keep disrobing?
You start removing your armour.
You continue taking off your +0 scale mail.
Pikel zaps a wand.
The bolt of acid hits you! The acid corrodes you!
You are splashed with acid!
The acid burns!
It is a wand of acid (9).
You continue taking off your +0 scale mail.
The slave shouts!
Pikel zaps a wand.
The bolt of acid hits you!
* * * LOW HITPOINT WARNING * * *
You are splashed with acid!
The acid burns!
* * * LOW HITPOINT WARNING * * *
You continue taking off your +0 scale mail. x2
Pikel zaps a wand.
The bolt of acid hits you!
You die...

#.# #.# #.#
#p# ### #.#
#.p #p# #.#
#p# ####.#
#K# #..p.#
#@# #p####
#.# #....#
#.# ####p#
#.# #.# #.#
#p.
#.########
##.
##.........
#F
#†.########
#K #..# #>


You could see Pikel and 3 slaves.

Vanquished Creatures
  An ice beast (D:4)
  A phantom (D:4)
  2 ogres
  A bullfrog skeleton (D:5)
  A hound (D:5)
  Ijyb (D:5)
  A worker ant (D:3)
  A hound skeleton (D:5)
  Robin (D:2)
  3 gnolls (D:4)
  A howler monkey skeleton (D:4)
  3 adders
  An adder skeleton (D:4)
  2 worms (D:2)
  3 dart slugs
  2 orcs (D:3)
  9 bats
  7 giant cockroaches
  10 goblins
  6 hobgoblins
  9 jackals
  A quokka (D:4)
  2 ball pythons
  7 frilled lizards
  7 kobolds
  8 rats
91 creatures vanquished.

Notes
Turn   | Place    | Note
-------+----------+-------------------------------------------
     0 | D:1      | BaronVonScrub the Mummy Fighter began the quest for the Orb.
     0 | D:1      | Reached XP level 1. HP: 18/18 MP: 1/1
   188 | D:1      | Reached XP level 2. HP: 24/24 MP: 2/2
  1151 | D:2      | Reached XP level 3. HP: 21/29 MP: 3/3
  1339 | D:2      | Noticed Robin
  1556 | D:2      | Killed Robin
  1556 | D:2      | Reached skill level 3 in Armour
  1740 | D:2      | Found a deep blue altar of Sif Muna.
  1742 | D:2      | Found a hide-covered altar of Uskayaw.
  1742 | D:2      | Found a radiant altar of Vehumet.
  1745 | D:2      | Found a blossoming altar of Fedhas.
  2123 | D:2      | Reached XP level 4. HP: 21/35 MP: 4/4
  2439 | D:3      | Noticed an ogre
  2449 | D:3      | Killed an ogre
  2449 | D:3      | Reached XP level 5. HP: 17/42 MP: 5/5
  3638 | D:3      | You fall through a shaft for 2 floors!
  3638 | D:5      | Entered Level 5 of the Dungeon
  3638 | D:5      | Noticed an ice beast
  3639 | D:5      | Noticed a slave
  3639 | D:5      | Noticed a slave
  3641 | D:5      | Noticed Pikel
  3725 | D:4      | Killed an ice beast
  3725 | D:4      | Reached skill level 4 in Armour
  3725 | D:4      | Reached XP level 6. HP: 39/48 MP: 6/6
  4313 | D:4      | Reached skill level 5 in Armour
  4754 | D:4      | Reached XP level 7. HP: 49/53 MP: 7/7
  4870 | D:5      | Noticed Ijyb
  4879 | D:5      | Killed Ijyb
  4969 | D:5      | Reached skill level 6 in Armour
  4997 | D:5      | HP: 2/53 [acid (11)]
  4999 | D:5      | Killed from afar by Pikel

Vault maps used:
D:1:      lemuel_arrival_behind_the_door_small, minmay_door_square, st_stairs_1
D:2:      grunt_temple_overflow_open, first_ration, minmay_small_reverse_x,
          uniq_robin
D:4:      kennysheep_big_flooded_room, hangedman_abyss_or_decor_passed
D:5:      temple_doors_e, nemelex_lonely_heart_becter, uniq_ijyb, uniq_pikel

Skill      XL: |  1  2  3  4  5  6  7 |
---------------+----------------------+-----
Short Blades   | 2 |  2.5
Armour         | 3 4 5 6 |  6.0
Shields        | 3 |  3.1
Fighting       | |  3.7
Dodging        | |  0.7
Stealth        | |  0.1

Action                   |  1- 3 |  4- 6 |  7- 9 || total
-------------------------+-------+-------+-------++-------
Melee: Rapier            |   153 |   190 |    34 ||   377
  Use: Scroll            |     1 |     8 |     2 ||    11
Armor: Scale mail        |    67 |    45 |    17 ||   129
       Chain mail        |       |    12 |       ||    12
Dodge: Dodged            |    53 |    60 |     5 ||   118
Block: Shield            |    90 |   116 |    20 ||   226

Table legend:
 A = Spawn XP
 B = Non-spawn XP
 C = Spawn XP percentage of total XP
 D = Spawn monster count
 E = Non-spawn monster count
 F = Spawn count percentage of total count
 G = Total turns spent on level
                    A         B        C        D         E        F      G
               +---------+---------+-------+---------+---------+-------+---------
         Total |       0 |     919 |   0.0 |       0 |      91 |   0.0 |  4999
               +---------+---------+-------+---------+---------+-------+---------
           D:1 |       0 |      31 |   0.0 |       0 |      18 |   0.0 |  1274
           D:2 |       0 |      67 |   0.0 |       0 |      27 |   0.0 |  1138
           D:3 |       0 |     190 |   0.0 |       0 |      24 |   0.0 |  1226
           D:4 |       0 |     472 |   0.0 |       0 |      13 |   0.0 |  1132
           D:5 |       0 |     159 |   0.0 |       0 |       9 |   0.0 |   229
               +---------+---------+-------+---------+---------+-------+---------
